Description

Dan - Zerglings / Banelings - Hydra / Lurkers

Build Order

Get SALT Encoding   

  30  2:35  Hatchery  3rd Expansion
  50  4:00  Evolution Chamber  
  70  5:00  Hatchery  4th Expansion
  72  5:10  Zerg Melee Weapons Level 1  
  76  5:30  Lair  
  90  6:00  Baneling Nest  
  97  6:30  Infestation Pit  
  100  6:45  Overseer, Evolution Chamber  Scout over enemy base
  102  7:00  Hydralisk Den, Nydus Network  
  110  7:20   Hive  
  120  7:30  Lurker Den, Zerg Missile Weapons Level 1, Action  4th mineral line saturated
  150  7:45  Centrifugal Hooks  
  174  8:00  Hatchery  5th expansion - 7th gaz
  174  8:30  Adrenal Glands, Seismic Spines  
  1900  9:00  Grooved Spines  
  200  9:30  Action  
  200  10:00  Hatchery  
  200  11:00  Action  All in 4th / 5th enemy
Spawning Tool Build Advisor. Get it on Overwolf

Analysis

Dan - Zerglings / Banelings - Hydra / Lurkers

Go to:

Details

  • Created by: tim3classik
  • Published on: Oct 19, 2022
  • Modified on: Oct 19, 2022
  • Patch: 4.11.0
  • Difficulty: Medium
Show
View Real Time Build Order
Export as new Build Order

Comments (0)

There are no comments. Be the first!

Create an account to comment!